 Dungeon Crawl Stone Soup version 0.28-a0-1087-gf3fc490d9d (webtiles) character file.

Game seed: 3644696217955045376

4270 bande the Cleaver (level 10, 0/60 HPs)
             Began as a Gargoyle Fighter on Dec 11, 2021.
             Was a Priest of Okawaru.
             Slain by Erolcha (27 damage)
             ... on level 9 of the Dungeon.
             The game lasted 00:23:08 (11776 turns).

bande the Cleaver (Gargoyle Fighter)               Turns: 11776, Time: 00:23:08

Health: 0/60       AC: 26    Str: 20    XL:     10   Next: 31%
Magic:  14/14      EV: 10    Int:  9    God:    Okawaru [***...]
Gold:   354        SH: 10    Dex: 13    Spells: 8/9 levels left

rFire   . . .      SeeInvis .   y - +4 war axe
rCold   . . .      Faith    .   c - +1 buckler
rNeg    + . .      Spirit   .   z - +0 plate armour
rPois   ∞          Reflect  .   (no helmet)
rElec   +          Harm     .   (no cloak)
rCorr   .          Rampage  .   (no gloves)
Will    .....                   (no boots)
Stlth   ..........              (no amulet)
HPRegen 0.20/turn               g - +4 ring of protection
MPRegen 0.14/turn               u - +4 ring of evasion

@: studying Evocations
A: sickness immunity, AC +7, negative energy resistance 1, electricity
resistance, torment resistance 1, petrification resistance, iridescent scales 1,
large bone plates 1, MP-powered wands
a: Renounce Religion, Heroism


You were on level 9 of the Dungeon.
You worshipped Okawaru.
Okawaru was most pleased with you.
You visited 2 branches of the dungeon, and saw 10 of its levels.
You also visited: Sewer.

You collected 354 gold pieces.

Inventory:

Hand Weapons
 a - a +1 war axe of electrocution
 p - a +2 flail of protection
 y - a +4 war axe (weapon)
Armour
 c - a +1 buckler (worn)
 z - a +0 plate armour (worn)
Jewellery
 g - a +4 ring of protection (left hand)
 t - a ring of magical power
 u - a +4 ring of evasion (right hand)
Wands
 s - a wand of digging (14)
 w - a wand of flame (10)
Scrolls
 f - a scroll of teleportation
 m - 2 scrolls of brand weapon
 o - 2 scrolls of fog
 q - a scroll of blinking
 v - 2 scrolls of enchant armour
Potions
 b - a potion of cancellation
 d - 2 potions of might
 e - 4 potions of curing
 i - 3 potions of heal wounds
 j - 2 potions of mutation
 k - 3 potions of invisibility {unknown}
 l - 2 potions of magic
 r - 2 potions of brilliance
 x - 2 potions of haste {unknown}


   Skills:
 + Level 6.1 Fighting
 + Level 8.1 Axes
 + Level 6.5 Armour
 + Level 5.1 Shields
 * Level 4.8 Translocations
 * Level 5.4 Invocations
 * Level 6.0 Evocations


You had 8 spell levels left.
You knew the following spells:

 Your Spells              Type           Power      Damage    Failure   Level
a - Apportation           Tloc           16%        N/A       78%         1

Your spell library contained the following spells:

 Spells                   Type           Power      Damage    Failure   Level
 Pain                     Necr           0%         1d4       100%        1
 Agony                    Necr           0%         N/A       100%        5
 Excruciating Wounds      Necr           0%         N/A       100%        5
 Animate Skeleton         Necr           Unusable   N/A       N/A         1
 Summon Small Mammal      Summ           Unusable   N/A       N/A         1

Dungeon Overview and Level Annotations

Branches:
Dungeon (9/15)             Temple (1/1) D:4            Lair (0/6) D:9
  Sewer (visited)
    Orc: D:9-12

Altars:
Ashenzari
Elyvilon
Fedhas
Hepliaklqana
Kikubaaqudgha
Nemelex Xobeh
Okawaru
Qazlal
Trog
Uskayaw
Vehumet
Wu Jian
Xom
Yredelemnul
Zin
The Shining One

Shops:
D:6 *   D:7 [

Annotations:
D:9 Erolcha


Innate Abilities, Weirdness & Mutations

You are immune to sickness and miasma.
Your stone body is resilient. (AC +7)
You are immune to poison.
You resist negative energy. (rN+)
You are resistant to electric shocks. (rElec)
You are resistant to unholy torment.
You are immune to petrification.
You are partially covered in iridescent scales. (AC +2)
You are partially covered in large bone plates. (SH +4)
You expend magic power (3 MP) to strengthen your wands.


Message History

The magic dart hits you but does no damage.
The bullfrog closely misses you.
You slash the bullfrog!
The bullfrog is severely wounded.
A black bear comes into view.
The bullfrog misses you.
Unknown command.
You closely miss the bullfrog.
The bullfrog is severely wounded.
You block the bullfrog's attack. The bullfrog closely misses you.
Unknown command.
You hit the bullfrog but do no damage.
The bullfrog is severely wounded.
The bullfrog hits you but does no damage.
Erolcha mumbles some strange words.
Erolcha flickers and vanishes!
Deactivating autopickup; reactivate with Ctrl-A.
You block the bullfrog's attack.
You hit the bullfrog.
The bullfrog is almost dead.
You block the bullfrog's attack.
You closely miss the bullfrog.
The bullfrog is almost dead.
The bullfrog hits you but does no damage.
The orc wizard casts a spell.
The orc wizard flickers and vanishes!
The bullfrog closely misses you.
Unknown command.
You slash the bullfrog!
You kill the bullfrog!
Okawaru accepts your kill. Something hits you!!
You miss something.
You hear some strange, mumbled words.
A magic dart appears from out of thin air!
The magic dart hits you! Something hits you.
You closely miss something. x2; You completely miss the black bear.
A black bear comes into view.
The black bear barely misses you. You block the black bear's attack.
The black bear misses you. Something hits you!!
You die...

,,,,,,,,,,****,*,,,,* ##8#.#.# #
,,,,,,,,,,,,**,*,,,,* ##....#.###
,,,,,,,,,,,,,,,,,,,,###.....#.#..
>,,,,,,,,,,,**,,,,,,#8......#.#.#
,,,,,,,,,,,,**,,,,,##.....#.#.#.#
,,,,,,,,,.,*#***####.....8###.#.#
,,,,,,,,,...#8###8#.....### #.#.#
,,,,,,,,,..............## #.#.#
,,,,,,,,,......{@......# #.#.#
,,,,,,,,,......h.......#* #.#..
,,,,,,***h..#8###8#.....#** #....
,,,,*** *.,,#***####.....8* #####
***** *,,,,*,,,,,##...F.#*****#
*,,,,*,******8.....,,,,,#
*,,,,*,*,,,,*##....,***,#
*,,,,,,,,,,,,,*#.,,,***,#
*,,,,,,,,,,,,,,**8**,,,,#


You could see 2 black bears.

Vanquished Creatures
  2 hornets
  Prince Ribbit (D:5)
  2 steam dragons
  Menkaure (D:5)
  Pargi (Sewer)
  2 orc warriors
  2 ogres
  3 ice beasts
  A necrophage (D:6)
  2 centaurs
  2 phantoms (D:6)
  6 bullfrogs
  2 water moccasin zombies
  2 scorpions (D:6)
  7 wights
  2 howler monkeys (D:7)
  2 centaur zombies (D:7)
  7 jellies
  4 gnoll shamans
  2 hounds
  2 orc priests
  5 iguanas
  7 orc wizards
  2 killer bee zombies
  16 gnolls
  A river rat (D:3)
  8 adders
  A shadow imp (D:8)
  2 white imps (D:7)
  4 worms
  2 dart slugs
  17 orcs
  11 endoplasms
  6 giant cockroaches
  10 goblins
  5 hobgoblins
  6 jackals
  10 kobolds
  4 quokkas
  9 ball pythons
  7 bats
  8 frilled lizards
  6 rats
202 creatures vanquished.

Vanquished Creatures (others)
  55 fungi
  61 plants
  7 toadstools (D:4)
123 creatures vanquished.

Grand Total: 325 creatures vanquished

Notes
Turn   | Place    | Note
-------+----------+-------------------------------------------
     0 | D:1      | bande the Gargoyle Fighter began the quest for the Orb.
     0 | D:1      | Reached XP level 1. HP: 14/14 MP: 1/1
   230 | D:1      | Reached skill level 2 in Axes
   232 | D:1      | Reached XP level 2. HP: 19/19 MP: 2/2
   709 | D:1      | Reached XP level 3. HP: 9/23 MP: 3/3
  1472 | D:2      | Reached skill level 3 in Axes
  1472 | D:2      | Reached XP level 4. HP: 22/28 MP: 4/4
  1945 | D:2      | Found a faded altar of an unknown god.
  2568 | D:3      | Learned a level 1 spell: Apportation
  2710 | D:3      | Reached XP level 5. HP: 31/33 MP: 5/5
  2755 | D:3      | Found a glowing drain.
  2777 | Sewer    | Entered a sewer
  2873 | Sewer    | Noticed Pargi
  2891 | Sewer    | Killed Pargi
  2892 | Sewer    | Reached skill level 4 in Axes
  2892 | Sewer    | Reached skill level 1 in Translocations
  2892 | Sewer    | Reached XP level 6. HP: 11/38 MP: 6/6
  3235 | D:3      | Found a hide-covered altar of Uskayaw.
  3617 | D:4      | Identified a scroll of acquirement
  3617 | D:4      | Acquired a manual of Evocations
  3637 | D:4      | Found a staircase to the Ecumenical Temple.
  3651 | Temple   | Entered the Ecumenical Temple
  3918 | Temple   | Became a worshipper of Warmaster Okawaru
  3990 | D:4      | Found a stormy altar of Qazlal.
  4058 | D:4      | Reached XP level 7. HP: 41/43 MP: 7/7
  4685 | D:4      | Reached skill level 1 in Invocations
  5213 | D:5      | Entered Level 5 of the Dungeon
  5241 | D:5      | Reached skill level 1 in Evocations
  5244 | D:5      | Reached skill level 5 in Axes
  6094 | D:5      | Noticed Menkaure
  6104 | D:5      | Killed Menkaure
  6104 | D:5      | Reached * piety under Okawaru
  6105 | D:5      | Reached XP level 8. HP: 23/48 MP: 9/9
  6286 | D:5      | Noticed Prince Ribbit
  6302 | D:5      | Killed Prince Ribbit
  6303 | D:5      | Reached skill level 5 in Armour
  6862 | D:5      | Reached skill level 6 in Axes
  7144 | D:5      | Found a white marble altar of Elyvilon.
  7704 | D:6      | Found Iross's Assorted Antiques.
  7734 | D:6      | Reached ** piety under Okawaru
  7740 | D:6      | Reached skill level 5 in Fighting
  7889 | D:6      | Reached XP level 9. HP: 33/54 MP: 11/11
  8461 | D:6      | Found an ancient bone altar of Kikubaaqudgha.
  9120 | D:7      | Reached skill level 7 in Axes
  9421 | D:7      | Reached *** piety under Okawaru
  9649 | D:7      | Found Waympy's Antique Armour Emporium.
  9809 | D:7      | Noticed a hornet
  9816 | D:7      | Killed a hornet
  9816 | D:7      | Received a gift from Okawaru
  9817 | D:7      | Reached skill level 5 in Evocations
 10345 | D:8      | Reached skill level 5 in Invocations
 10362 | D:8      | Reached XP level 10. HP: 60/60 MP: 13/13
 10733 | D:8      | Reached skill level 5 in Shields
 10774 | D:8      | Gained mutation: You are dopey. (Int -2) [potion of
                  | mutation]
 10774 | D:8      | Gained mutation: You expend magic power (3 MP) to
                  | strengthen your wands. [potion of mutation]
 10775 | D:8      | Lost mutation: You are dopey. (Int -2) [potion of mutation]
 10775 | D:8      | Gained mutation: You are partially covered in large bone
                  | plates. (SH +4) [potion of mutation]
 10775 | D:8      | Gained mutation: You are partially covered in iridescent
                  | scales. (AC +2) [potion of mutation]
 10840 | D:8      | Reached skill level 8 in Axes
 11728 | D:9      | Found a shimmering altar of Xom.
 11767 | D:9      | Noticed Erolcha
 11776 | D:9      | Slain by Erolcha

Illustrated notes

Levels and vault maps discovered:
D:1:      dpeg_arrival_ternary, layout_basic
D:2:      minmay_alternating_diamond, layout_rooms, basic_ecumenical_altar,
          grunt_ministairs_8, minmay_pentomino_t2
D:3:      layout_basic, lemuel_doored_altar, portal_sewer_entry_a
D:4:      cheibrodos_fertilizer, layout_loops_corners, old_standard_altar,
          minmay_temple_entry_proselytizer, minivault_4
D:5:      layout_basic, elyvilon_altar_5, chequers_big_river, uniq_menkaure,
          uniq_prince_ribbit1
D:6:      layout_gridville, mainiacjoe_overflow_alcove_1, serial_shops,
          shop_fountains
D:7:      layout_layer_cave, serial_shops, nicolae_shop_overgrown_old_shop
D:8:      layout_gridville
D:9:      layout_basic, lemuel_crystal_altar, nicolae_sif_muna_little_library,
          due_lair_maze_entry_diamond, serial_corexii_hall,
          chequers_hall_statues_y, chequers_hall_statues_y, uniq_erolcha
Temple:   regret_index_temple_generic_petals

Skill      XL: |  1  2  3  4  5  6  7  8  9 10 |
---------------+-------------------------------+-----
Axes           | 2 3 4 5 6 7 8 |  8.1
Armour         | 4 5 6 |  6.5
Fighting       | 4 5 6 |  6.1
Shields        | 4 5 |  5.1
Translocations | 1 2 3 4 |  4.8
Invocations    | 2 3 5 |  5.4
Evocations     | 2 3 5 6 |  6.0

Action                   |  1- 3 |  4- 6 |  7- 9 | 10-12 || total
-------------------------+-------+-------+-------+-------++-------
Melee: War axe           |    75 |   164 |   311 |    77 ||   627
  Use: Scroll            |     2 |     6 |     9 |     3 ||    20
       Potion            |       |       |     1 |     3 ||     4
 Stab: Distracted        |       |       |     1 |       ||     1
Armor: Scale mail        |    62 |       |       |       ||    62
       Chain mail        |     5 |   148 |   216 |    26 ||   395
       Plate armour      |       |       |       |    26 ||    26
Dodge: Dodged            |    35 |    83 |   117 |    32 ||   267
Block: Buckler           |    25 |    48 |    83 |    31 ||   187

Table legend: (Time is in decaauts)
 A = Elapsed time spent in this place.
 B = Non-inter-level travel time spent in this place.
 C = Inter-level travel time spent in this place.
 D = Time resting spent in this place.
 E = Time spent auto-exploring this place.
 F = Levels seen in this place.
 G = Mean time per level.
                   A        B        C        D        E       F      G
               +--------+--------+--------+--------+--------+-----+--------+
         Total |  11939 |  11794 |    145 |   3272 |   6535 |  11 | 1085.4 |
       Dungeon |  11204 |  11076 |    128 |   3049 |   6143 |   9 | 1244.9 |
        Temple |    328 |    311 |     17 |      0 |    276 |   1 |  328.0 |
         Sewer |    406 |    406 |      0 |    223 |    116 |   1 |  406.0 |
               +--------+--------+--------+--------+--------+-----+--------+

Top non-repeatable levels by time:
     D:5: 2282 daAuts
     D:6: 1522 daAuts
     D:1: 1385 daAuts
     D:7: 1367 daAuts
     D:4: 1317 daAuts
     D:2: 1148 daAuts
     D:8: 1044 daAuts
     D:3: 721 daAuts
     D:9: 414 daAuts
   Sewer: 406 daAuts
  Temple: 328 daAuts
